 Dungeon Crawl Stone Soup version 0.30-a0-170-g85af917532 (webtiles) character file.

Game seed: 18270253766496366698

92 qw the Chopper (level 4, 0/28 HPs)
             Began as a Gargoyle Fighter on Sept 30, 2022.
             Slain by a worm (4 damage)
             ... on level 3 of the Dungeon.
             The game lasted 00:00:46 (2372 turns).

qw the Chopper (Gargoyle Fighter)                   Turns: 2372, Time: 00:00:46

Health: 0/28       AC: 12    Str: 27    XL:     4   Next: 60%
Magic:  4/4        EV:  8    Int:  9    God:
Gold:   137        SH:  4    Dex:  9    Spells: 3/3 levels left

rFire   . . .      SeeInvis .    Y - +2 war axe (flame)
rCold   . . .      Faith    .    c - +0 buckler
rNeg    + . .      Spirit   .    g - +0 chain mail
rPois   inf        Reflect  .    (no helmet)
rElec   +          Harm     .    (no cloak)
rCorr   .          Rampage  .    (no gloves)
Will    .....                    (no boots)
Stlth   ..........               (no amulet)
HPRegen 0.09/turn                i - +6 ring of strength
MPRegen 0.09/turn                (no ring)

@: about to teleport
A: sickness immunity, AC +3, negative energy resistance 1, electricity
resistance, torment resistance 1, petrification resistance
a: no special abilities


You were on level 3 of the Dungeon.
You visited 1 branch of the dungeon, and saw 3 of its levels.

You collected 137 gold pieces.


Innate Abilities, Weirdness & Mutations

You are immune to sickness and miasma.
Your stone body is resilient. (AC +3)
You are immune to poison.
You resist negative energy. (rN+)
You are resistant to electric shocks. (rElec)
You are resistant to unholy torment.
You are immune to petrification.


   Skills:
 - Level 3.2 Fighting
 + Level 4.2 Axes
 - Level 3.2 Armour
 - Level 3.2 Shields


You had 3 spell levels left.
You didn't know any spells.
Your spell library was empty.

Inventory:

Hand Weapons
 Y - a +2 war axe of flaming (weapon)
Missiles
 o - 3 boomerangs (quivered)
Armour
 c - a +0 buckler (worn)
 g - a +0 chain mail (worn)
Jewellery
 i - a +6 ring of strength (left hand)
Scrolls
 a - a scroll of identify
Potions
 d - a potion of might
 e - a potion of haste {unknown}
 f - a potion of curing
 h - a potion of lignification
 m - a potion of degeneration {unknown}
 n - a potion of cancellation {unknown}

Dungeon Overview and Level Annotations

Branches:
Dungeon (3/15)

Altars:


Message History

The gnoll is lightly wounded.
The gnoll closely misses you.
A gnoll comes into view. It is wielding a +0 halberd.
You closely miss the gnoll.
The gnoll is lightly wounded.
The gnoll hits you but does no damage. x2
You slash the gnoll! You burn the gnoll.
You kill the gnoll!
A worm comes into view.
You block the gnoll's attack.
Things that are here:
a +0 flail; a +0 flail; a gnoll corpse You closely miss the gnoll.
The gnoll hits you with a +0 club. The gnoll closely misses you.
You block the gnoll's attack.
You barely miss the gnoll.
A quokka comes into view.
The gnoll hits you with a +0 club. You block the gnoll's attack.
You barely miss the gnoll.
The gnoll hits you but does no damage. x2
You hit the gnoll. You burn the gnoll.
The gnoll is moderately wounded.
The gnoll barely misses you.
The gnoll hits you from afar with a +0 halberd.
The gnoll closely misses you. x2
You barely miss the gnoll.
The gnoll is moderately wounded.
You block the gnoll's attack. The gnoll hits you with a +0 club.
You slash the gnoll! You burn the gnoll.
You kill the gnoll!
You hear the slow rusting of a very distant drain.
The gnoll hits you from afar with a +0 halberd!
You barely miss the worm. You hit the quokka. You burn the quokka.
You kill the quokka!
The gnoll hits you from afar with a +0 halberd!
2372 ||| READING scroll of teleportation.
As you read the scroll of teleportation, it crumbles to dust.
You feel strangely unstable. The gnoll hits you but does no damage.
The worm bites you.
You die...

# #..<........# #
#.....##....# # #
#....#....####.# #
#..............
####....#........
........#....#### # .
#######.#....######.#...
#.#####....w...# #.#
#.....@.g.=# #.#
#.....)....... #.#
#..........##. ...
#...######## ... #...#
... #####


You could see a worm and a gnoll.

Vanquished Creatures
  3 gnolls (D:3)
  An adder (D:2)
  A worm (D:2)
  A dart slug (D:1)
  5 endoplasms (D:1)
  2 giant cockroaches
  9 goblins
  3 hobgoblins
  4 quokkas
  3 ball pythons (D:2)
  2 bats (D:1)
  3 frilled lizards
  6 kobolds
  3 rats
46 creatures vanquished.

Vanquished Creatures (others)
  14 plants (D:1)
14 creatures vanquished.

Grand Total: 60 creatures vanquished

Notes
Turn   | Place    | Note
-------+----------+-------------------------------------------
     0 | D:1      | qw the Gargoyle Fighter began the quest for the Orb.
     0 | D:1      | Reached XP level 1. HP: 14/14 MP: 1/1
     0 | D:1      | 0 ||| qw: Version: 0.2-a-12-gaebbb33
     0 | D:1      | 0 ||| qw: Game counter: 1586
     0 | D:1      | 0 ||| qw: Always use a shield: true
     0 | D:1      | 0 ||| qw: God list: Okawaru
     0 | D:1      | 0 ||| qw: Allow faded altars: false
     0 | D:1      | 0 ||| qw: Do Orc after D:15 true
     0 | D:1      | 0 ||| qw: Do second Lair branch before Depths: true
     0 | D:1      | 0 ||| qw: Lair rune preference: random
     0 | D:1      | 0 ||| qw: Plans: Normal, Zot:1-4, God:TSO, Crypt, Tomb,
                  | Pan, Slime:5, Hells, Abyss, Orb
     0 | D:1      | 0 ||| PLANNING D:1-11
    47 | D:1      | Reached skill level 2 in Axes
   238 | D:1      | Reached XP level 2. HP: 19/19 MP: 2/2
   260 | D:1      | You fall into a shaft and drop 1 floor!
   261 | D:2      | 261 ||| READING scroll labelled XUBRUT HIKI.
   262 | D:2      | 262 ||| DRINKING 2 red potions.
   367 | D:1      | 367 ||| Stepping randomly (stuck).
   733 | D:1      | Reached skill level 3 in Axes
   733 | D:1      | 733 ||| DROPPING +0 club.
   784 | D:1      | Reached XP level 3. HP: 23/23 MP: 3/3
   826 | D:1      | 826 ||| Stepping ~*~*~tactically~*~*~ (hiding).
  1387 | D:1      | 1387 ||| UPGRADING to +0 chain mail.
  1397 | D:1      | 1397 ||| DROPPING +0 scale mail.
  1398 | D:1      | 1398 ||| READING 2 scrolls labelled OSSUNT FOANLI.
  1399 | D:1      | 1399 ||| READING scroll labelled KIGEAZAPLY.
  1400 | D:1      | 1400 ||| DROPPING +0 flail.
  1401 | D:1      | 1401 ||| READING scroll labelled EKHINY FUGEUD.
  1405 | D:1      | 1405 ||| READING 2 scrolls labelled YSORCH MULIE.
  1406 | D:1      | 1406 ||| READING scroll labelled YNUGRE VYSOI.
  1407 | D:1      | 1407 ||| DROPPING scroll of magic mapping.
  1595 | D:2      | 1595 ||| READING scroll of enchant weapon.
  1595 | D:2      | 1595 ||| ENCHANTING +1 war axe of flaming.
  2210 | D:2      | Reached XP level 4. HP: 28/28 MP: 4/4
  2238 | D:2      | 2238 ||| DROPPING amulet of magic regeneration.
  2239 | D:2      | 2239 ||| UPGRADING to +6 ring of strength.
  2240 | D:2      | 2240 ||| DRINKING 2 viscous ruby potions.
  2276 | D:3      | 2276 ||| PLANNING SEWER
  2359 | D:3      | Reached skill level 4 in Axes
  2371 | D:3      | HP: 4/28 [gnoll/+0 halberd (7)]
  2372 | D:3      | 2372 ||| READING scroll of teleportation.
  2372 | D:3      | Slain by a worm

Levels and vault maps discovered:
D:1:      roderic_crop_circles_arrival_small, layout_basic, serial_corexii_hall,
          corexii_hall_statues_t, chequers_hall_statues_corner_a,
          nicolae_kite_square_tiling_tiny, chequers_serial_rivers_room_b,
          kennysheep_small_spiral
D:2:      layout_basic
D:3:      layout_basic, portal_sewer_entry_b

Skill      XL: |  1  2  3  4 |
---------------+-------------+-----
Axes           | 2 3 4 |  4.2
Fighting       | |  3.2
Armour         | |  3.2
Shields        | |  3.2

Action                   |  1- 3 |  4- 6 || total
-------------------------+-------+-------++-------
Melee: War axe           |   118 |    12 ||   130
Throw: Boomerang         |    10 |     7 ||    17
  Use: Scroll            |     7 |     1 ||     8
       Potion            |     1 |     1 ||     2
Armor: Scale mail        |    55 |       ||    55
       Chain mail        |     4 |     5 ||     9
Dodge: Dodged            |    49 |     5 ||    54
Block: Buckler           |    27 |     4 ||    31

Table legend:
 A = Non-vault XP
 B = Vault XP
 C = Vault XP percentage of total XP
 D = Non-vault monster count
 E = Vault monster count
 F = Vault count percentage of total count
                 A         B        C        D         E       F
            +---------+---------+-------+---------+---------+-------
      Total |     132 |       0 |   0.0 |      46 |       0 |   0.0
            +---------+---------+-------+---------+---------+-------
        D:1 |      51 |       0 |   0.0 |      28 |       0 |   0.0
        D:2 |      34 |       0 |   0.0 |      13 |       0 |   0.0
        D:3 |      47 |       0 |   0.0 |       5 |       0 |   0.0
            +---------+---------+-------+---------+---------+-------
